 Dungeon Crawl Stone Soup version 0.21-a0-43-g1479571 (webtiles) character file.

323 GlassEater the Conjurer (level 6, -1/32 HPs)
             Began as a Kobold Conjurer on June 6, 2017.
             Slain by a hound (5 damage)
             ... on level 4 of the Dungeon on June 7, 2017.
             The game lasted 00:10:38 (3863 turns).

GlassEater the Conjurer (Kobold Conjurer)           Turns: 3863, Time: 00:10:38

Health: -1/32      AC:  3    Str:  6    XL:     6   Next: 77%
Magic:  0/10       EV: 17    Int: 18    God:
Gold:   216        SH:  0    Dex: 15    Spells: 2/11 levels left

rFire    . . .     SeeInvis .   k - +0 quarterstaff
rCold    . . .     Gourm    .   (shield currently unavailable)
rNeg     . . .     Faith    .   a - +0 robe
rPois    .         Spirit   .   (no helmet)
rElec    .         Reflect  .   (no cloak)
rCorr    .         Harm     .   i - +0 pair of gloves
MR       .....                  (no boots)
Stlth    +++.......             d - amulet of rage
Regen    0.1/turn               (no ring)
MPRegen  0.2/turn               (no ring)

@: no status effects
A: carnivore 3
a: Evoke Berserk Rage


You were on level 4 of the Dungeon.
You were completely stuffed.

You visited 1 branch of the dungeon, and saw 4 of its levels.

You collected 216 gold pieces.

Inventory:

Hand Weapons
 k - a +0 quarterstaff (weapon)
Armour
 a - a +0 robe (worn)
 i - a +0 pair of gloves (worn)
 m - a +0 shield
Jewellery
 d - an amulet of rage (around neck)
 s - a +2 ring of intelligence {unknown}
Wands
 g - a wand of polymorph (13/24)
Scrolls
 h - a scroll of fog {unknown}
 j - 2 scrolls of teleportation
 n - 3 scrolls of identify
 p - a scroll of fear
 q - a scroll of noise {unknown}
 r - a scroll of blinking {unknown}
 t - a scroll of magic mapping
 v - a scroll of recharging {unknown}
Potions
 e - 2 potions of heal wounds
 l - 3 potions of curing {unknown}
 w - a potion of haste {unknown}
Books
 b - a book of Conjurations

   Spells                             Type                      Level
   a - Magic Dart                     Conjuration                  1
   b - Searing Ray                    Conjuration                  2
   c - Dazzling Spray                 Conjuration/Hexes            3
   d - Fulminant Prism                Conjuration/Hexes            4
   e - Force Lance                    Conjuration/Translocation    4
   f - Iskenderun's Mystic Blast      Conjuration                  4
 u - a book of Minor Magic

   Spells                             Type                      Level
   a - Magic Dart                     Conjuration                  1
   b - Blink                          Translocation                2
   c - Call Imp                       Summoning                    2
   d - Slow                           Hexes                        2
   e - Conjure Flame                  Conjuration/Fire             3
   f - Mephitic Cloud                 Conjuration/Poison/Air       3
Comestibles
 c - 4 meat rations
 f - 4 royal jellies
 o - 6 chunks of flesh


   Skills:
 + Level 2.1 Staves
 + Level 4.3 Dodging
 + Level 3.9 Stealth
 + Level 3.1 Spellcasting
 + Level 5.2 Conjurations
 * Level 1.1 Translocations


You had 2 spell levels left.
You knew the following spells:

 Your Spells              Type           Power        Failure   Level  Hunger
a - Magic Dart            Conj           ###.         1%          1    None
b - Searing Ray           Conj           ###...       2%          2    ##.....
c - Iskenderun's Mystic   Conj           ###.....     19%         4    ####...
d - Blink                 Tloc           N/A          16%         2    ##.....


Dungeon Overview and Level Annotations

Branches:
Dungeon (4/15)             Temple (0/1) D:4

Altars:
Elyvilon
Nemelex Xobeh


Innate Abilities, Weirdness & Mutations

You are small and have problems with some larger weapons.
You are carnivorous and can eat meat at any time.


Message History

Aim: a phantom (heavily damaged)
The magic dart hits the hound.
The hound is heavily wounded.
The hound misses you. The hound closely misses you.
You barely miss the hound.
The hound is heavily wounded.
The hound bites you but does no damage.
The phantom blinks!
The hound barely misses you.
You closely miss the hound.
The hound is heavily wounded.
The hound closely misses you.
You closely miss the hound.
The hound is heavily wounded.
The hound barely misses you. x2
You hit the hound but do no damage.
The hound is heavily wounded.
The hound bites you.
* * * LOW HITPOINT WARNING * * *
The phantom blinks!
The hound bites you.
You die...

########## #........# #.
#.######.# #. #.# #.# #.#
###.### #.. #.. #######
#.. #..# #######⌠.⌠#####..
####...###.....#.>.'......
....§?..h@.#####⌠.⌠#####..
###.#..#### ###'### #..
#.##.#### ###.### #..
#.......# #.# ###
######.########.##
......§..†....)...#
########.######.###
.................
###..#####.#######


You could see a hound.

Vanquished Creatures
  2 scorpions
  A howler monkey (D:4)
  A hound (D:4)
  7 adders
  An ooze (D:2)
  A worm (D:2)
  2 dart slugs (D:1)
  A leopard gecko (D:1)
  7 orcs
  9 bats
  4 giant cockroaches
  7 goblins
  11 hobgoblins
  8 jackals
  2 ball pythons (D:1)
  5 frilled lizards
  9 kobolds
  2 rats
80 creatures vanquished.

Notes
Turn   | Place    | Note
-------+----------+-------------------------------------------
     0 | D:1      | GlassEater the Kobold Conjurer began the quest for the Orb.
     0 | D:1      | Reached XP level 1. HP: 10/10 MP: 3/3
   257 | D:1      | Reached XP level 2. HP: 15/15 MP: 1/5
   611 | D:1      | Learned a level 2 spell: Searing Ray
   643 | D:1      | Reached XP level 3. HP: 13/19 MP: 3/6
  1455 | D:2      | Reached XP level 4. HP: 24/24 MP: 2/7
  2024 | D:3      | Found a sparkling altar of Nemelex Xobeh.
  2101 | D:3      | Reached skill level 5 in Conjurations
  2189 | D:3      | Reached skill level 1 in Staves
  2189 | D:3      | Reached XP level 5. HP: 15/28 MP: 0/9
  2690 | D:3      | Found a white marble altar of Elyvilon.
  3196 | D:3      | Learned a level 4 spell: Iskenderun's Mystic Blast
  3296 | D:4      | Reached XP level 6. HP: 32/32 MP: 0/10
  3419 | D:4      | Learned a level 2 spell: Blink
  3769 | D:4      | Found a staircase to the Ecumenical Temple.
  3802 | D:4      | Noticed a phantom
  3812 | D:4      | Reached skill level 1 in Translocations
  3863 | D:4      | Slain by a hound

Vault maps used:
D:1:      saegor_arrival_simple_b, minmay_tromino_i2
D:3:      marbit_many_paths, nemelex_xobeh_ov_fountains_minmay
D:4:      nicolae_gozag_seed_capital, temple_doors_e, first_bread

Skill      XL: |  1  2  3  4  5  6 |
---------------+-------------------+-----
Stealth        | 3 |  3.9
Dodging        | 3 4 |  4.3
Conjurations   | 5 |  5.2
Staves         | 1 2 |  2.1
Spellcasting   | 3 |  3.1
Translocations | 1 |  1.1

Action                   |  1- 3 |  4- 6 || total
-------------------------+-------+-------++-------
Melee: Club              |    48 |       ||    48
       Whip              |    21 |    14 ||    35
       Quarterstaff      |       |    95 ||    95
 Cast: Magic Dart        |    44 |    82 ||   126
       Searing Ray       |       |     5 ||     5
  Use: Scroll            |       |     5 ||     5
 Stab: Sleeping          |       |     2 ||     2
  Eat: Chunk             |     9 |    10 ||    19
Armor: Robe              |    25 |    28 ||    53
Dodge: Dodged            |    98 |   133 ||   231
